 Dungeon Crawl Stone Soup version 0.21.1-1-g345015f (webtiles) character file.

430 Fang the Chopper (level 6, -1/40 HPs)
             Began as a Gargoyle Berserker on May 14, 2018.
             Was a Priest of Trog.
             Slain by a centaur (3 damage)
             ... on level 5 of the Dungeon.
             The game lasted 00:04:48 (3898 turns).

Fang the Chopper (Gargoyle Berserker)               Turns: 3898, Time: 00:04:48

Health: -1/40      AC:  7    Str: 22    XL:     6   Next: 99%
Magic:  6/6        EV: 15    Int: 11    God:    Trog [***...]
Gold:   244        SH:  0    Dex:  9    Spells: 5/5 levels left

rFire    . . .     SeeInvis .   a - +0 hand axe
rCold    . . .     Gourm    .   (no shield)
rNeg     + . .     Faith    .   b - +1 animal skin
rPois    ∞         Spirit   .   (no helmet)
rElec    +         Reflect  .   (no cloak)
rCorr    .         Harm     .   (no gloves)
MR       .....                  (no boots)
Stlth    +.........             (no amulet)
HPRegen  0.13/turn              f - +3 ring of intelligence
MPRegen  0.10/turn              q - +3 ring of evasion

@: berserk cooldown, slowed, very slow
A: negative energy resistance 1, electricity resistance, unbreathing,
petrification resistance, rot immunity, AC +4
a: Berserk, Trog's Hand, Burn Spellbooks, Renounce Religion


You were on level 5 of the Dungeon.
You worshipped Trog.
Trog was most pleased with you.
You were very hungry.

You visited 1 branch of the dungeon, and saw 5 of its levels.

You collected 244 gold pieces.

Inventory:

Hand Weapons
 a - a +0 hand axe (weapon)
Armour
 b - a +1 animal skin (worn)
Jewellery
 f - a +3 ring of intelligence (left hand)
 i - a +1 ring of slaying
 q - a +3 ring of evasion (right hand)
Scrolls
 h - 4 scrolls of teleportation
 o - a scroll of identify
 r - a scroll of enchant armour
Potions
 d - a potion of flight {unknown}
 e - 3 potions of heal wounds
 g - 2 potions of agility
 k - 2 potions of might
 l - a potion of curing
 m - a potion of lignification {unknown}
 n - a potion of haste
 p - 3 potions of mutation {unknown}
Comestibles
 c - 6 rations
 j - a chunk of flesh


   Skills:
 + Level 4.8 Fighting
 + Level 5.2 Axes
 + Level 3.1 Armour
 + Level 2.7 Dodging
 + Level 1.1 Stealth


You had 5 spell levels left.
You didn't know any spells.

Dungeon Overview and Level Annotations

Branches:
Dungeon (5/15)
 Temple: D:4-7

Altars:
Cheibriados
Fedhas
Okawaru
Vehumet


Innate Abilities, Weirdness & Mutations

You are resistant to torment.
Your stone body is resilient. (AC +4)
You are immune to poison.
You resist negative energy. (rN+)
You are resistant to electric shocks. (rElec)
You can survive without breathing.
You are immune to petrification.
You are immune to rotting.


Message History

The centaur hits you.
* * * LOW HITPOINT WARNING * * *
You hit the centaur but do no damage. The centaur hits you.
* * * LOW HITPOINT WARNING * * *
The centaur hits you but does no damage.
You hit the centaur but do no damage. The centaur hits you.
* * * LOW HITPOINT WARNING * * *
The centaur closely misses you. x2
You hit the centaur.
The centaur is moderately wounded.
The centaur hits you but does no damage.
The centaur barely misses you.
You barely miss the centaur.
The centaur is moderately wounded.
The centaur hits you but does no damage.
The centaur misses you.
You barely miss the centaur.
The centaur is moderately wounded.
The centaur hits you.
You die...

#.# ####.#
##....## ##......#
##.......###
#..........###.
#......c..$....
#.$....@...#
##.....(.###
###....(.#
........##
###.#.#(########
#............#
...#....######.#.#
###.....# #.#.#
#.....# #.#.#


You could see a centaur.

Vanquished Creatures
  A phantom (D:5)
  A bullfrog skeleton (D:5)
  An iguana (D:4)
  2 orc wizards (D:3)
  A worker ant (D:5)
  7 gnolls
  A howler monkey skeleton (D:5)
  9 adders
  A leopard gecko (D:2)
  5 orcs (D:3)
  A giant cockroach (D:1)
  4 goblins (D:1)
  3 hobgoblins (D:1)
  2 quokkas (D:3)
  A ball python (D:1)
  5 bats
  2 frilled lizards (D:3)
  8 kobolds
  A quokka skeleton (D:5)
  14 rats
70 creatures vanquished.

Notes
Turn   | Place    | Note
-------+----------+-------------------------------------------
     0 | D:1      | Fang the Gargoyle Berserker began the quest for the Orb.
     0 | D:1      | Reached XP level 1. HP: 14/14 MP: 1/1
   398 | D:1      | Reached skill level 3 in Axes
   398 | D:1      | Reached XP level 2. HP: 19/19 MP: 2/2
  1121 | D:2      | Reached ** piety under Trog
  1121 | D:2      | Reached XP level 3. HP: 21/24 MP: 3/3
  1257 | D:2      | Reached XP level 4. HP: 29/29 MP: 4/4
  1658 | D:2      | Reached skill level 1 in Stealth
  2116 | D:3      | Found an iron altar of Okawaru.
  2303 | D:3      | Reached XP level 5. HP: 33/33 MP: 5/5
  2306 | D:3      | Reached skill level 4 in Axes
  2439 | D:3      | Reached XP level 6. HP: 38/38 MP: 6/6
  2487 | D:3      | Found a snail-covered altar of Cheibriados.
  3064 | D:4      | Found a blossoming altar of Fedhas.
  3271 | D:5      | Entered Level 5 of the Dungeon
  3275 | D:5      | Found a radiant altar of Vehumet.
  3358 | D:5      | Noticed a phantom
  3502 | D:5      | Killed a phantom
  3502 | D:5      | Reached skill level 5 in Axes
  3871 | D:5      | Reached *** piety under Trog
  3895 | D:5      | HP: 1/40 [centaur (2)]
  3898 | D:5      | Slain by a centaur

Skill      XL: |  1  2  3  4  5  6 |
---------------+-------------------+-----
Axes           | 3 4 5 |  5.2
Stealth        | 1 |  1.1
Fighting       | 4 |  4.8
Armour         | 3 |  3.1
Dodging        | 2 |  2.7

Action                   |  1- 3 |  4- 6 || total
-------------------------+-------+-------++-------
Melee: Hand axe          |    75 |   206 ||   281
Invok: Berserk           |     3 |     6 ||     9
  Use: Scroll            |       |    12 ||    12
 Stab: Sleeping          |     1 |       ||     1
  Eat: Chunk             |     3 |    11 ||    14
       Ration            |       |     1 ||     1
Armor: Animal skin       |    12 |    53 ||    65
       Ring mail         |    14 |    13 ||    27
Dodge: Dodged            |    59 |   169 ||   228
